 Dungeon Crawl Stone Soup version 0.30-a0-310-g7d6cbdfea6 (webtiles) character file.

Game seed: 1116923999518061910

34 Darkkill the Shooter (level 3, -4/31 HPs)
             Began as a Minotaur Hunter on Oct 24, 2022.
             Slain by Terence
             ... wielding a +0 mace
              (5 damage)
             ... on level 2 of the Dungeon.
             The game lasted 00:00:37 (546 turns).

Darkkill the Shooter (Minotaur Hunter)               Turns: 546, Time: 00:00:38

Health: -4/31      AC:  3    Str: 15    XL:     3   Next: 14%
Magic:  2/2        EV: 12    Int:  6    God:
Gold:   85         SH:  0    Dex: 15    Spells: 2/2 levels left

rFire   . . .      SeeInvis .    a - +0 shortbow
rCold   . . .      Faith    .    (shield currently unavailable)
rNeg    . . .      Spirit   .    c - +0 leather armour
rPois   .          Reflect  .    (helmet restricted)
rElec   .          Harm     .    (no cloak)
rCorr   .          Rampage  .    (no gloves)
Will    .....                    (no boots)
Stlth   ++........               (no amulet)
HPRegen 0.25/turn                (no ring)
MPRegen 0.08/turn                (no ring)

@: no status effects
A: horns 2, retaliatory headbutt
a: no special abilities


You were on level 2 of the Dungeon.
You visited 1 branch of the dungeon, and saw 2 of its levels.

You collected 85 gold pieces.

Inventory:

Hand Weapons
 a - a +0 shortbow (weapon)
Missiles
 g - 6 stones
Armour
 c - a +0 leather armour (worn)
Wands
 f - a wand of digging (4)
Scrolls
 b - a scroll of immolation
 e - a scroll of summoning {unknown}
Potions
 d - 2 potions of heal wounds {unknown}
 h - a potion of attraction {unknown}


   Skills:
 + Level 3.0 Fighting
 + Level 4.7 Ranged Weapons
 + Level 2.7 Dodging
 + Level 1.4 Stealth


You had 2 spell levels left.
You didn't know any spells.
Your spell library was empty.

Dungeon Overview and Level Annotations

Branches:
Dungeon (1/15)

Altars:

Annotations:
D:2 Terence


Innate Abilities, Weirdness & Mutations

You have a pair of horns on your head.
You reflexively headbutt those who attack you in melee.


Message History

You are too injured to fight recklessly!
You are too injured to fight recklessly!
A hobgoblin is nearby!
Fire: a) +0 shortbow
Press: ? - help, Q - select action, (/) - cycle Shift-Dir - straight line, f - hobgoblin
Aim: a hobgoblin (wandering, hasn't noticed you, 60% to hit)
You shoot an arrow. The hobgoblin shouts!
The arrow hits the hobgoblin.
You kill the hobgoblin!
Your Fighting skill increases to level 3!
You are too injured to fight recklessly!
An adder comes into view.
An adder is nearby!
An adder is nearby!
You are too injured to fight recklessly!
An adder is nearby!
You are too injured to fight recklessly!
An adder is nearby!
You are too injured to fight recklessly!
An adder is nearby!
You are too injured to fight recklessly!
An adder is nearby!
You are too injured to fight recklessly!
You are too injured to fight recklessly!
An adder is nearby!
Fire: a) +0 shortbow
Press: ? - help, Q - select action, (/) - cycle Shift-Dir - straight line, f - adder
Aim: an adder (wandering, hasn't noticed you, 42% to hit)
You shoot an arrow. The adder hisses angrily.
The arrow hits the adder!
The adder is almost dead.
Fire: a) +0 shortbow
Press: ? - help, Q - select action, (/) - cycle Shift-Dir - straight line, f/p - adder
Aim: an adder (almost dead, 42% to hit)
You shoot an arrow. The arrow closely misses the adder.
Fire: a) +0 shortbow
Press: ? - help, Q - select action, (/) - cycle Shift-Dir - straight line, f/p - adder
Aim: an adder (almost dead, 42% to hit)
You shoot an arrow. The arrow hits the adder!
You kill the adder!
You have reached level 3!
Your experience leads to an increase in your attributes!
Increase (S)trength, (I)ntelligence, or (D)exterity?
You feel agile. x2
HP restored.
You see here an adder corpse.
You now have 64 gold pieces (gained 9).
Found a stone staircase leading down.
Found a stone staircase leading down.
No target in view!
No target in view!
You now have 77 gold pieces (gained 13).
You now have 85 gold pieces (gained 8).
h - a fizzy white potion
There is a shaft here.
Terence the Incautious comes into view.
He is wielding a +0 mace.
Terence shouts!
You shoot an arrow.
The arrow hits Terence but does no damage.
You shoot an arrow. The arrow closely misses Terence.
You shoot an arrow. The arrow closely misses Terence.
Terence hits you with a +0 mace.
You shoot an arrow. The arrow hits Terence.
Terence is lightly wounded.
Terence hits you with a +0 mace! Terence hits you with a +0 mace.
You are too injured to fight recklessly!
You are too injured to fight recklessly!
You are too injured to fight recklessly!
You are too injured to fight recklessly!
You are too injured to fight recklessly!
You are too injured to fight recklessly!
You shoot an arrow. The arrow barely misses Terence.
Terence hits you but does no damage.
You shoot an arrow.
The arrow hits Terence but does no damage.
Terence is lightly wounded.
Terence hits you with a +0 mace.
You shoot an arrow. The arrow barely misses Terence.
Terence says, "Don't bother to defend, it's senseless."
Terence closely misses you.
You shoot an arrow.
The arrow hits Terence but does no damage.
Terence is lightly wounded.
Terence hits you with a +0 mace. Terence hits you with a +0 mace!
* * * LOW HITPOINT WARNING * * *
You shoot an arrow.
The arrow hits Terence but does no damage.
Terence is lightly wounded.
Terence barely misses you.
You shoot an arrow. The arrow hits Terence.
Terence is lightly wounded.
Terence closely misses you.
You shoot an arrow. The arrow hits Terence.
Terence is lightly wounded.
Terence hits you with a +0 mace.
* * * LOW HITPOINT WARNING * * *
Terence hits you with a +0 mace.
You die...

########
#......######
#....^..####### #
#@@####.......# .
#.. .........#
#######.# ## #.#
#.#.##...# #.# .#
#.# #.#.##...# #.#
.# #.# #.#.>....#
#.# .# #.#
#.##.#..## #.#
.####.# #.#.......
#.##
......###.........
#..#
.............#
##.#


You could see Terence.

Vanquished Creatures
  2 adders (D:2)
  A ball python (D:2)
  A bat (D:1)
  A giant cockroach (D:1)
  4 goblins
  2 hobgoblins
  2 frilled lizards
  2 rats (D:1)
15 creatures vanquished.

Notes
Turn   | Place    | Note
-------+----------+-------------------------------------------
     0 | D:1      | Darkkill the Minotaur Hunter began the quest for the Orb.
     0 | D:1      | Reached XP level 1. HP: 18/18 MP: 0/0
    84 | D:1      | Reached skill level 1 in Stealth
   122 | D:1      | Reached XP level 2. HP: 25/25 MP: 1/1
   242 | D:1      | You fall into a shaft and drop 1 floor!
   367 | D:2      | Reached XP level 3. HP: 12/31 MP: 2/2
   535 | D:2      | Noticed Terence
   543 | D:2      | HP: 3/31 [Terence/+0 mace (8)]
   546 | D:2      | HP: 1/31 [Terence/+0 mace (3)]
   546 | D:2      | Slain by Terence

Illustrated notes

Levels and vault maps discovered:
D:1:      amcnicky_arrival_blooded_trapdoor, layout_loops_ring,
          corexii_item_surrounded_by_moat
D:2:      layout_loops_cross, uniq_terence

Skill      XL: |  1  2 |
---------------+-------+-----
Stealth        | 1 |  1.4
Fighting       | 3 |  3.0
Ranged Weapons | |  4.7
Dodging        | |  2.7

Action                   || total
-------------------------++-------
 Fire: Shortbow          ||    59
Armor: Leather armour    ||     5
Dodge: Dodged            ||    21

Table legend: (Time is in decaauts)
 A = Elapsed time spent in this place.
 B = Non-inter-level travel time spent in this place.
 C = Inter-level travel time spent in this place.
 D = Time resting spent in this place.
 E = Time spent auto-exploring this place.
 F = Levels seen in this place.
 G = Mean time per level.
                   A        B        C        D        E       F      G
               +--------+--------+--------+--------+--------+-----+--------+
         Total |    563 |    563 |      0 |      0 |    467 |   2 |  281.5 |
       Dungeon |    563 |    563 |      0 |      0 |    467 |   2 |  281.5 |
               +--------+--------+--------+--------+--------+-----+--------+

Top non-repeatable levels by time:
     D:2: 313 daAuts
     D:1: 249 daAuts

Table legend:
 A = Kills in this place as a percentage of kills in entire the game.
 B = Kills by you in this place as a percentage of kills by you in the entire game.
 C = Kills by friends in this place as a percentage of kills by friends in the entire game.
 D = Other kills in this place as a percentage of other kills in the entire game.
 E = Experience gained in this place as a percentage of experience gained in the entire game.
 F = Experience gained in this place divided by the number of levels of this place that you have seen.
                   A       B       C       D       E      F
               +-------+-------+-------+-------+-------+----------------------
         Total | 100.0 | 100.0 |   N/A |   N/A | 100.0 |  24.5
       Dungeon | 100.0 | 100.0 |   N/A |   N/A | 100.0 |  24.5
               +-------+-------+-------+-------+-------+----------------------
